 Dungeon Crawl Stone Soup version 0.29.1-2-gbd0b4ee654 (webtiles) character file.

Game seed: 14841817027461855964

2 Icepheonix32 the Insei (level 1, -1/15 HPs)
             Began as a Demigod Transmuter on Nov 10, 2022.
             Slain by a kobold
             ... wielding a +0 club
              (4 damage)
             ... on level 1 of the Dungeon.
             The game lasted 00:00:05 (147 turns).

Icepheonix32 the Insei (Demigod Transmuter)          Turns: 147, Time: 00:00:06

Health: -1/15      AC:  2    Str: 11    XL:     1   Next: 26%
Magic:  4/5        EV: 12    Int: 15    God:
Gold:   0          SH:  0    Dex: 14    Spells: 2/3 levels left

rFire   . . .      SeeInvis .     - Unarmed
rCold   . . .      Faith    .   (no shield)
rNeg    . . .      Spirit   .   a - +0 robe
rPois   .          Reflect  .   (helmet currently unavailable)
rElec   .          Harm     .   (no cloak)
rCorr   .          Rampage  .   (no gloves)
Will    .....                   (boots currently unavailable)
Stlth   +.........              (no amulet)
HPRegen 0.05/turn               (no ring)
MPRegen 0.09/turn               (no ring)

@: appendages (expiring)
A: horns 2, talons 2, high MP 1, forlorn, divine attributes
a: End Transformation


You were on level 1 of the Dungeon.
You had temporarily grown beastly horns and talons.
You visited 1 branch of the dungeon, and saw 1 of its levels.

Inventory:

Armour
 a - a +0 robe (worn)
Potions
 b - a potion of lignification


   Skills:
 + Level 0.8 Fighting
 + Level 1.8 Dodging
 + Level 2.7 Unarmed Combat
 + Level 1.8 Spellcasting
 * Level 1.8 Transmutations


You had 2 spell levels left.
You knew the following spells:

 Your Spells              Type           Power      Damage    Failure   Level
a - Beastly Appendage     Tmut           12%        N/A       11%         1

Your spell library contained the following spells:

 Spells                   Type           Power      Damage    Failure   Level
 Wereblood                Tmut           6%         N/A       16%         2
 Spider Form              Tmut/Pois      4%         N/A       43%         3
 Ice Form                 Ice/Tmut       4%         N/A       83%         4


Dungeon Overview and Level Annotations

Branches:
Dungeon (1/15)


Innate Abilities, Weirdness & Mutations

You have temporarily grown beastly horns and talons.
You have an increased reservoir of magic. (+10% MP)
You shall have no god before yourself.
Your divine heritage dramatically boosts your attributes as you level up.


Message History

The kobold is moderately wounded.
The kobold hits you with a +0 short sword.
You closely miss the kobold. The kobold barely misses you.
The kobold closely misses you.
You miss the kobold. Your kick misses the kobold.
The kobold hits you with a +0 short sword.
The kobold hits you with a +0 club.
You hit the kobold but do no damage.
Your horns disappear.
Your talons disappear.
The kobold closely misses you. x2
You closely miss the kobold. The kobold hits you but does no damage.
The kobold hits you with a +0 short sword.
You closely miss the kobold. The kobold barely misses you. x2
You barely miss the kobold. The kobold hits you with a +0 club.
The kobold barely misses you.
You are too injured to fight recklessly!
You are too injured to fight recklessly!
You are too injured to fight recklessly!
You are too injured to fight recklessly!
You are too injured to fight recklessly!
You are too injured to fight recklessly!
You are too injured to fight recklessly!
You are too injured to fight recklessly!
You are too injured to fight recklessly!
You are too injured to fight recklessly!
You are too injured to fight recklessly!
You are too injured to fight recklessly!
Casting: Beastly Appendage (safe; 11% risk of failure)
Confirm with . or Enter, or press ? or * to list all spells.
You grow a pair of large bovine horns.
Your feet morph into talons.
The kobold completely misses you. The kobold closely misses you.
You barely miss the kobold. Your headbutt misses the kobold.
The kobold hits you with a +0 club.
The kobold hits you with a +0 short sword.
* * * LOW HITPOINT WARNING * * *
You hit the kobold. You headbutt the kobold.
You kill the kobold!
Your transformation is almost over.
The kobold hits you with a +0 club.
You die...

#.........
.#####........
..............#
...............#
.$.............#
...............#
...........K...#
...........@).#..
..................#
..........#.......#
.####....#.......#
##.###.......#
#..########.#..... ##
##.### .#.....
#.##....## ##...#...
........#..####.......>


You could see a kobold.

Vanquished Creatures
  2 hobgoblins (D:1)
  A kobold (D:1)
3 creatures vanquished.

Notes
Turn   | Place    | Note
-------+----------+-------------------------------------------
     0 | D:1      | Icepheonix32 the Demigod Transmuter began the quest for the
                  | Orb.
     0 | D:1      | Reached XP level 1. HP: 15/15 MP: 5/5
   147 | D:1      | Slain by a kobold

Illustrated notes

Levels and vault maps discovered:
D:1:      dpeg_arrival_arbitrary_b, layout_basic, serial_shops,
          nicolae_shop_crystal, shapermc_ecumenical_altar_mp_urbaneastern,
          minmay_misc_feat_plants, minmay_3d_cube

Action                   || total
-------------------------++-------
Melee: Unarmed           ||    19
       Kick              ||     2
       Headbutt          ||     2
 Cast: Beastly Appendage ||     3
Armor: Robe              ||     3
Dodge: Dodged            ||    17
